AoeStats
← JaggedJimmyJay

Enclosed

506239611Analyzed
1v1 RM · 21d ago on Sep 12, 2026· 26m 1s· 2 players
Game mode
Random Map
Map size
Tiny (2 player)
Population
200
Speed
Normal
Resources
Standard
Victory
Conquest
Starting age
Dark Age
Ending age
Imperial Age
RankedLock teamsTeams togetherTeam positionsShared explorationLock speedFull tech treeHidden civsTurbo modeCheats
Victory
Defeat
🇺🇸 Goths · United States
1034
+16
🇮🇳 Aztecs · India
1028
-16
ultrasur
9:32 Loom
11:50 Feudal Age
13:10 Wheelbarrow
14:14 Horse Collar
14:39 Double-Bit Axe
17:56 Castle Age
JaggedJimmyJay
6:47 Loom
9:38 Feudal Age
10:53 Man-at-Arms
13:02 Scale Mail Armor
21:59 Castle Age
21:27 Fletching
21:38 Padded Archer Armor
22:27 Crossbowman
23:10 Squires
24:51 Long Swordsman
Connection lost

Rejoining the realm…

Still unreachable

The connection could not be restored.

Session expired

The server has moved on; the page needs a fresh start.